 Dungeon Crawl Stone Soup version 0.15-a0-429-gf5d7e11 (webtiles) character file.

119 4tharraofdagon the Insei (level 3, 0/20 HPs)
             Began as a Vine Stalker Monk on May 6, 2014.
             Slain by an adder (3 damage)
             ... on Level 4 of the Dungeon.
             The game lasted 00:02:48 (580 turns).

4tharraofdagon the Insei (Vine Stalker Monk)         Turns: 580, Time: 00:02:49

HP   0/20        AC  2     Str 13      XL: 3   Next: 47%
MP   0/4         EV 13     Int 10      God:
Gold 80          SH  0     Dex 17      Spells:  0 memorised,  2 levels left

rFire  . . .     SeeInvis .       - Unarmed
rCold  . . .     Clarity  .     a - +0 robe
rNeg   . . .     Conserve .     (no shield)
rPois  .         rCorr    .     (no helmet)
rElec  .         rRot     +     (no cloak)
SustAb . .       Spirit   +     (no gloves)
rMut   .         Warding  .     (no boots)
Saprov . . .     Stasis   .     (no amulet)
MR     .....                    (no ring)
                                (no ring)

@: confused, lethally poisoned, not resistant to hostile enchantments, very
unstealthy
A: fangs 2, regeneration 1, magic shield, antimagic bite, no device heal
a: no special abilities


You were on level 4 of the Dungeon.
You were not hungry.

You visited 1 branch of the dungeon, and saw 4 of its levels.

You collected 80 gold pieces.

Inventory:

Armour
 a - a +0 robe (worn)
Comestibles
 b - a bread ration
Scrolls
 c - 3 scrolls of identify {unknown}
 d - a scroll of blinking {unknown}
 f - a scroll of random uselessness {unknown}
 g - a scroll of fog {unknown}
 h - a scroll of enchant weapon I {unknown}
 j - a scroll of remove curse {unknown}
Potions
 e - a potion of heal wounds
 i - a potion of brilliance {unknown}


   Skills:
 + Level 3.0 Fighting
 + Level 2.6 Dodging
 + Level 2.8 Stealth
 * Level 4.5 Unarmed Combat


You had 2 spell levels left.
You didn't know any spells.

Dungeon Overview and Level Annotations

Branches:
Dungeon (4/15)
 Temple: D:4-7

Altars:
Trog
Zin


Innate Abilities, Weirdness & Mutations

You are immune to rotting.
You have extremely sharp teeth.
Your natural rate of healing is unusually fast.
When hurt, damage is shared between your health and your magic reserves.
Your bite disrupts and absorbs the magic of your enemies.
Potions and wands cannot restore your HP.


Message History

The giant spore explodes!
The explosion of spores engulfs you!
You are confused.
Ouch! That really hurt!
* * * LOW HITPOINT WARNING * * *
There is an open door here.
Unknown command.
An active ballistomycete comes into view.
You swing at nothing.
You swing at nothing.
The adder bites you.
* * * LOW HITPOINT WARNING * * *
You are poisoned.
The adder poisons you!
You barely miss the adder. Your bite misses the adder.
You feel sick. The adder bites you but does no damage.
Ouch! The adder closely misses you.
Drink which item? (? for menu, Esc to quit)
That seemed strangely inert.
It was a potion of heal wounds.
You feel sick. The adder bites you.
You die...

##+# ##...##
##.....## #### #
##.......## P.. ...
#.........##.#...##
+......<.rS@......#
#.........##.#...##
##.......## P# .#
##.....## .#
##...## .. ##+# ##


You could see an active ballistomycete, an adder and a rat.

Vanquished Creatures
  An ooze (D:2)
  An orc (D:3)
  2 giant cockroaches (D:2)
  2 goblins
  5 hobgoblins
  6 jackals
  A quokka (D:2)
  3 bats
  2 giant newts (D:1)
  6 kobolds
  6 rats
35 creatures vanquished.

Vanquished Creatures (others)
  A giant spore (D:4)
1 creature vanquished.

Grand Total: 36 creatures vanquished

Notes
Turn   | Place    | Note
--------------------------------------------------------------
     0 | D:1      | 4tharraofdagon, the Vine Stalker Monk, began the quest for the Orb.
     0 | D:1      | Reached XP level 1. HP: 11/11 MP: 1/1
    74 | D:1      | Reached XP level 2. HP: 10/16 MP: 3/3
   309 | D:2      | Reached XP level 3. HP: 16/20 MP: 2/4
   431 | D:3      | HP: 1/20 [goblin/dagger (3)]
   547 | D:3      | Found a glowing silver altar of Zin.
   547 | D:3      | Found a bloodstained altar of Trog.
   580 | D:4      | Slain by an adder

Action                   || total
-------------------------++-------
Melee: Unarmed           ||   109
  Use: Potion            ||     1

Vault maps used:
D:1:      dpeg_arrival_solitude, nrook_mini_backslash, minmay_misc_feat_room,
          serial_park_tiny_1
D:2:      kennysheep_doodads
D:3:      gammafunk_temple_overflow_elements, minmay_misc_feat_tower
D:4:      first_bread, nicolae_ossuary_entry_ruins
